 Dungeon Crawl Stone Soup version 0.13-a0-2940-gab44624 (webtiles) character file.

760 PolkaDot the Ruinous (level 7, -2/44 HPs)
             Began as a Vampire Wizard on Sept 4, 2013.
             Was a Follower of Vehumet.
             Killed themself with a badly aimed fireball (6 damage)
             ... on Level 4 of the Dungeon.
             The game lasted 00:23:21 (3569 turns).

PolkaDot the Ruinous (Vampire Wizard)               Turns: 3569, Time: 00:23:21

HP  -2/44        AC  2     Str  8      XL: 7   Next:  7%
MP   6/17        EV 12     Int 20 (22) God: Vehumet [*.....]
Gold 211         SH  0     Dex 10      Spells:  3 memorised,  5 levels left

Res.Fire  : . . .   See Invis. : +   f - -1,+1 orc spear
Res.Cold  : . . .   Warding    : .   a - +0 robe
Life Prot.: + . .   Conserve   : .   (no shield)
Res.Poison: .       Res.Corr.  : .   b - +0 wizard hat
Res.Elec. : .       Clarity    : .   (no cloak)
Sust.Abil.: . .     Spirit.Shd : .   (no gloves)
Res.Mut.  : .       Stasis     : .   (no boots)
Res.Rott. : .       Flight     : .   (no amulet)
Saprovore : . . .                    j - +2 ring of strength
                                     n - ring of protection from magic {unknown}

@: mildly poisoned, quite resistant to hostile enchantments, fairly stealthy
A: bottle blood, fangs 3, see invisible, unbreathing, Dex -2
a: Bat Form, Bottle Blood, Renounce Religion


You were on level 4 of the Dungeon.
You worshipped Vehumet.
Vehumet was pleased with you.
You were not thirsty.

You visited 2 branches of the dungeon, and saw 5 of its levels.

You collected 191 gold pieces.

Inventory:

Hand weapons
 f - a -1,+1 orcish spear (weapon)
Armour
 a - a +0 robe (worn)
 b - a +0 wizard hat (worn)
 q - a +0 cloak
Magical devices
 d - a wand of random effects (20)
 r - a wand of slowing (0) {unknown}
Scrolls
 g - a scroll of curse armour
 m - a scroll of identify
Jewellery
 e - a +0,+8 ring of slaying {unknown}
 j - a +2 ring of strength (right hand)
 n - a ring of protection from magic (left hand) {unknown}
 u - an uncursed ring of positive energy
Books
 c - a book of Minor Magic

   Spells                             Type                      Level
   *Magic Dart                        Conjuration                  1
   Blink                              Translocation                2
   Call Imp                           Summoning                    2
   Repel Missiles                     Charms/Air                   2
   Slow                               Hexes                        2
   *Conjure Flame                     Conjuration/Fire             3
   *Mephitic Cloud                    Conjuration/Poison/Air       3
 k - a book of Hinderance

   Spells                             Type                      Level
   Confusing Touch                    Hexes                        1
   Slow                               Hexes                        2
   Confuse                            Hexes                        3
   Petrify                            Transmutation/Earth          4
   Leda's Liquefaction                Hexes/Earth                  4
   Metabolic Englaciation             Hexes/Ice                    6


   Skills:
 - Level 2.1 Dodging
 - Level 3.0 Stealth
 - Level 3.0 Spellcasting
 * Level 5.7 Conjurations
   Level 1.0 Summonings
   Level 0.7 Translocations


You had 5 spell levels left.
You knew the following spells:

 Your Spells              Type           Power        Failure   Level  Hunger
a - Magic Dart            Conj           ####         1%          1    None
d - Mephitic Cloud        Conj/Pois/Air  ##......     21%         3    ###....
s - Conjure Flame         Conj/Fire      ##......     14%         3    ###....


Dungeon Overview and Level Annotations

Branches:
Dungeon (4/27)             Temple (1/1) D:4

Altars:
Cheibriados
Elyvilon
Makhleb
Nemelex Xobeh
Okawaru
Sif Muna
Trog
Vehumet
Xom
Yredelemnul
Zin
the Shining One
Lugonu


Innate Abilities, Weirdness & Mutations

You can bottle blood from corpses.
You have razor-sharp teeth.*
You have supernaturally acute eyesight.
You can survive without breathing.*
You are clumsy. (Dex -2)


Message History

Okay, then.
Drink which item? (? for menu, Esc to quit)
That liquid tasted very nasty...
You are poisoned.
It was a potion of poison.
The neqoxec hits you!
* * * LOW HITPOINT WARNING * * *
Evoke which item? (* to show all) (? for menu, Esc to quit)
Zapping:
d - a wand of random effects {recharged}
Press: ? - help, Shift-Dir - straight line, f - you Really target yourself?
The magic dart hits you!
* * * LOW HITPOINT WARNING * * *
The neqoxec barely misses you.
Evoke which item? (* to show all) (? for menu, Esc to quit)
Zapping:
d - a wand of random effects {zapped: 1}
Press: ? - help, Shift-Dir - straight line, f - you Really target yourself?
The fireball explodes!
The fireball engulfs you!
Your scroll of enchant weapon II catches fire!
One of your 2 scrolls of identify catches fire!
You die...

..#..### ###..##8.....###########
.###...# #.....###..###..........
#* ###.###....##_....############
#..#.....####..###
##......%###...._#########
##.......###..###.......#
*#.......###.....#######.#
#..#.....####§.#########.### **
**#.###.....#@35..⌠#..........
,***...* #.....##8§§8#######.....
,,*..##* ###......§§#.# #.....
*,..#* ##.......#.# #..... ,,..,
** **#........#.######.....
,,,,,,,* #.......................
,,,,,,,**#....#######.######.....
,,,,,,,,#....## #.# #.....
,,,,,,,.....#########.# #.....


You could see a neqoxec and a lemure.

Vanquished Creatures
  Grinder (D:3)
  An orc warrior (D:3)
  A scorpion (D:4)
  Crazy Yiuf (D:2)
  5 adders
  A shadow imp (D:2)
  2 worms (D:3)
  An adder skeleton (D:4)
  4 giant geckos
  An ooze (D:3)
  8 orcs
  5 giant cockroaches
  9 hobgoblins
  2 jackals (D:4)
  A quokka (D:2)
  A ball python (D:1)
  10 bats
  3 giant newts
  9 goblins
  A goblin skeleton (D:4)
  6 kobolds
  14 rats
  A rat skeleton (D:4)
88 creatures vanquished.

Notes
Turn   | Place    | Note
--------------------------------------------------------------
     0 | D:1      | PolkaDot, the Vampire Wizard, began the quest for the Orb.
     0 | D:1      | Reached XP level 1. HP: 11/11 MP: 6/6
    35 | D:1      | Reached skill level 1 in Conjurations
   271 | D:1      | Reached XP level 2. HP: 3/17 MP: 5/8
   991 | D:1      | Reached XP level 3. HP: 19/22 MP: 10/10
  1231 | D:2      | Reached XP level 4. HP: 28/28 MP: 10/12
  1378 | D:2      | Noticed Crazy Yiuf
  1386 | D:2      | Killed Crazy Yiuf
  1446 | D:2      | Found a burning altar of Makhleb.
  1452 | D:2      | Learned a level 3 spell: Conjure Flame
  1456 | D:2      | Learned a level 3 spell: Mephitic Cloud
  1516 | D:2      | Became a worshipper of Makhleb the Destroyer
  1636 | D:2      | Found a radiant altar of Vehumet.
  1644 | D:2      | Fell from the grace of Makhleb
  1644 | D:2      | Became a worshipper of Vehumet
  1871 | D:3      | Noticed an angel
  1916 | D:3      | Found a shimmering altar of Xom.
  1916 | D:3      | Found a glowing silver altar of Zin.
  2204 | D:3      | Noticed an orc warrior
  2214 | D:3      | Killed an orc warrior
  2214 | D:3      | Reached skill level 4 in Conjurations
  2214 | D:3      | Reached XP level 5. HP: 25/33 MP: 4/13
  2373 | D:3      | Noticed Grinder
  2547 | D:3      | Paralysed by Grinder for 7 turns
  2596 | D:3      | Killed Grinder
  2596 | D:3      | Reached skill level 5 in Conjurations
  2596 | D:3      | Reached XP level 6. HP: 15/39 MP: 1/15
  2742 | D:4      | Acquired Vehumet's first power
  2742 | D:4      | Offered knowledge of Sandblast by Vehumet.
  2909 | D:4      | Found a sparkling altar of Nemelex Xobeh.
  2912 | D:4      | Found a white marble altar of Elyvilon.
  2949 | D:4      | Found a staircase to the Ecumenical Temple.
  3178 | D:4      | Reached XP level 7. HP: 44/44 MP: 13/17
  3326 | D:4      | Noticed a smoke demon
  3334 | Temple   | Entered the Ecumenical Temple
  3409 | Temple   | Noticed a hellwing
  3566 | D:4      | Gained mutation: You are clumsy. (Dex -2) [a neqoxec]
  3569 | D:4      | Killed themself with a badly aimed fireball

Action                   |  1- 3 |  4- 6 |  7- 9 || total
-------------------------+-------+-------+-------++-------
Melee: Unarmed           |     7 |       |       ||     7
       Spear             |    38 |    38 |     7 ||    83
 Cast: Magic Dart        |    53 |   140 |    14 ||   207
       Conjure Flame     |       |     9 |     5 ||    14
 Abil: End Transformatio |       |       |     2 ||     2
       Bat Form          |       |       |     2 ||     2
Evoke: Wand              |       |     1 |     1 ||     2
  Use: Potion            |     1 |     7 |     1 ||     9
       Scroll            |       |     3 |     8 ||    11
 Stab: Sleeping          |     3 |       |       ||     3
